 Dungeon Crawl Stone Soup version 0.21.1-1-g345015f (webtiles) character file.

314 troglodite the Skirmisher (level 6, -4/48 HPs)
             Began as a Demonspawn Berserker on Apr 26, 2018.
             Was a Believer of Trog.
             Killed from afar by an orc wizard (8 damage)
             ... with a magic dart
             ... on level 3 of the Dungeon.
             The game lasted 00:08:54 (3980 turns).

troglodite the Skirmisher (Demonspawn Berserker)    Turns: 3980, Time: 00:08:56

Health: -4/48      AC: 11    Str: 18    XL:     6   Next: 19%
Magic:  6/6        EV:  8    Int:  8    God:    Trog [**....]
Gold:   147        SH:  0    Dex: 14    Spells: 5/5 levels left

rFire    . . .     SeeInvis .   a - +0 falchion
rCold    . . .     Gourm    .   (no shield)
rNeg     . . .     Faith    .   e - +0 chain mail
rPois    .         Spirit   .   (no helmet)
rElec    .         Reflect  .   (no cloak)
rCorr    .         Harm     .   (no gloves)
MR       .....                  (no boots)
Stlth    ..........             (no amulet)
HPRegen  0.16/turn              (no ring)
MPRegen  0.10/turn              (no ring)

@: berserk cooldown, starving
A: claws 1, molten scales 1
a: Berserk, Trog's Hand, Burn Spellbooks, Renounce Religion


You were on level 3 of the Dungeon.
You worshipped Trog.
Trog was pleased with you.
You were starving.

You visited 1 branch of the dungeon, and saw 3 of its levels.
You also visited: Sewer.

You collected 147 gold pieces.

Inventory:

Hand Weapons
 a - a +0 falchion (weapon)
Armour
 e - a +0 chain mail (worn)
Jewellery
 j - an uncursed ring of fire {unknown}
Scrolls
 f - a scroll of enchant weapon {unknown}
 g - 3 scrolls of blinking {unknown}
 i - 2 scrolls of fog {unknown}
 l - a scroll of immolation {unknown}
 m - 2 scrolls of teleportation {unknown}
 p - a scroll of identify {unknown}
 q - a scroll of amnesia {unknown}
Potions
 b - 2 potions of might
 h - a potion of brilliance
 k - a potion of invisibility {unknown}
 o - a potion of heal wounds {unknown}
Comestibles
 c - 5 rations


   Skills:
 * Level 4.2 Fighting
 + Level 3.9 Long Blades
 * Level 3.9 Armour
 * Level 2.6 Dodging


You had 5 spell levels left.
You didn't know any spells.

Dungeon Overview and Level Annotations

Branches:
Dungeon (3/15)

Altars:
Dithmenos


Innate Abilities, Weirdness & Mutations

You have sharp fingernails.
You are partially covered in molten scales. (AC +2)


Message History

The orc wizard is almost dead.
The orc wizard mumbles some strange words.
The orc wizard flickers and vanishes!
Deactivating autopickup; reactivate with Ctrl-A.
Your chain mail prevents you from hitting something.
Something hits you but does no damage.
You closely miss something. Something hits you but does no damage.
You miss something. Something hits you but does no damage.
You hit something but do no damage. Something hits you but does no damage.
You hear some strange, mumbled words.
A puff of flame appears from out of thin air!
The puff of flame hits you!
* * * LOW HITPOINT WARNING * * *
You barely miss something. Something hits you but does no damage.
You miss something. Something hits you but does no damage.
Your chain mail prevents you from hitting something.
You hear some strange, mumbled words.
A magic dart appears from out of thin air!
The magic dart hits you!
You die...

...#.# #.. ..............
...# #.#.# #.#
###.###o###### ...#.#
#.#.#####.## #.# #.#
...#.###.#....(...# #.# #S#
...#.##...######.(####.# #.#
.................(.....###.#
.....##...######o((((.o)...#
#.#..###.#######{###########
...............#@#
.........#####.#†#
########## #.#.# #.#.# #...#
#####


You could see an orc.

Vanquished Creatures
  A hungry ghost (D:3)
  9 adders
  A river rat (D:3)
  An ooze (D:2)
  4 worms (D:3)
  4 dart slugs
  A leopard gecko (D:3)
  3 orcs (D:3)
  3 giant cockroaches (D:1)
  3 goblins
  7 hobgoblins
  4 jackals (D:2)
  4 ball pythons
  9 bats
  12 frilled lizards
  13 kobolds
  3 rats
82 creatures vanquished.

Notes
Turn   | Place    | Note
-------+----------+-------------------------------------------
     0 | D:1      | troglodite the Demonspawn Berserker began the quest for the Orb.
     0 | D:1      | Reached XP level 1. HP: 18/18 MP: 1/1
   247 | D:1      | Gained mutation: You have sharp fingernails. [demonic ancestry]
   247 | D:1      | Reached XP level 2. HP: 22/24 MP: 2/2
   854 | D:2      | Reached XP level 3. HP: 29/29 MP: 3/3
  1550 | D:2      | Reached XP level 4. HP: 18/36 MP: 4/4
  1875 | D:2      | Found a shadowy altar of Dithmenos.
  2355 | D:3      | Found a glowing drain.
  2368 | D:3      | Reached ** piety under Trog
  2399 | Sewer    | Entered a sewer
  2755 | Sewer    | Reached XP level 5. HP: 38/42 MP: 5/5
  3875 | D:3      | Noticed a hungry ghost
  3944 | D:3      | Reached skill level 4 in Fighting
  3950 | D:3      | Killed a hungry ghost
  3950 | D:3      | Gained mutation: You are partially covered in molten scales. (AC +2) [demonic ancestry]
  3950 | D:3      | Reached XP level 6. HP: 32/48 MP: 6/6
  3980 | D:3      | Killed from afar by an orc wizard

Skill      XL: |  1  2  3  4  5 |
---------------+----------------+-----
Dodging        | 2 |  2.6
Long Blades    | 3 |  3.9
Armour         | 2 3 |  3.9
Fighting       | 4 |  4.2

Action                   |  1- 3 |  4- 6 || total
-------------------------+-------+-------++-------
Melee: Falchion          |   140 |   255 ||   395
Invok: Berserk           |     2 |     3 ||     5
       Trog's Hand       |       |     1 ||     1
  Use: Potion            |       |     3 ||     3
  Eat: Chunk             |     3 |     7 ||    10
       Ration            |       |     3 ||     3
Armor: Animal skin       |     3 |       ||     3
       Chain mail        |   110 |   178 ||   288
Dodge: Dodged            |    88 |   105 ||   193
       Rpst.: Falchion   |    28 |    34 ||    62
